 Dungeon Crawl Stone Soup version 0.30-a0-160-gcfceee88d3 (webtiles) character file.

Game seed: 14870709390548302184

391 qw the Chopper (level 6, 0/38 HPs)
             Began as a Gargoyle Fighter on Sept 27, 2022.
             Slain by a gnoll bouda
             ... wielding a +0 whip
              (7 damage)
             ... on level 4 of the Dungeon.
             The game lasted 00:00:57 (2311 turns).

qw the Chopper (Gargoyle Fighter)                   Turns: 2311, Time: 00:00:57

Health: 0/38       AC: 11    Str: 21    XL:     6   Next: 80%
Magic:  6/6        EV:  9    Int:  9    God:
Gold:   132        SH:  4    Dex:  9    Spells: 5/5 levels left

rFire   . . .      SeeInvis .    Y - +1 war axe
rCold   . . .      Faith    .    c - +0 buckler
rNeg    + . .      Spirit   .    b - +0 scale mail
rPois   inf        Reflect  .    (no helmet)
rElec   +          Harm     .    (no cloak)
rCorr   .          Rampage  .    (no gloves)
Will    .....                    (no boots)
Stlth   ..........               (no amulet)
HPRegen 0.12/turn                (no ring)
MPRegen 0.10/turn                (no ring)

@: about to teleport
A: sickness immunity, AC +4, negative energy resistance 1, electricity
resistance, torment resistance 1, petrification resistance
a: no special abilities


You were on level 4 of the Dungeon.
You visited 1 branch of the dungeon, and saw 4 of its levels.

You collected 132 gold pieces.


Innate Abilities, Weirdness & Mutations

You are immune to sickness and miasma.
Your stone body is resilient. (AC +4)
You are immune to poison.
You resist negative energy. (rN+)
You are resistant to electric shocks. (rElec)
You are resistant to unholy torment.
You are immune to petrification.


   Skills:
 - Level 4.0 Fighting
 + Level 5.6 Axes
 - Level 3.2 Armour
 - Level 1.7 Dodging
 - Level 3.2 Shields


You had 5 spell levels left.
You didn't know any spells.
Your spell library was empty.

Inventory:

Hand Weapons
 m - a +0 morningstar
 Y - a +1 war axe (weapon)
Missiles
 h - 3 boomerangs (quivered)
Armour
 b - a +0 scale mail (worn)
 c - a +0 buckler (worn)
Scrolls
 g - a scroll of identify
Potions
 a - a potion of curing {unknown}
 d - 2 potions of might
 e - a potion of flight {unknown}
 f - 2 potions of heal wounds

Dungeon Overview and Level Annotations

Branches:
Dungeon (4/15)
 Temple: D:4-7

Altars:
Dithmenos
Yredelemnul

Shops:
D:1 (([


Message History

The gnoll barely misses you.
You barely miss the gnoll.
The gnoll is heavily wounded.
You closely miss the gnoll. You hit the gnoll bouda.
The gnoll bouda misses you.
The gnoll hits you from afar with a +0 spear.
The gnoll hits you but does no damage. x2; The gnoll barely misses you.
The gnoll bouda hits you but does no damage.
You barely miss the gnoll.
The gnoll is heavily wounded.
You hit the gnoll bouda. You hit the gnoll.
The gnoll hits you but does no damage. The gnoll barely misses you.
The gnoll closely misses you. The gnoll hits you but does no damage.
The gnoll bouda hits you but does no damage.
The gnoll closely misses you. The gnoll barely misses you.
You block the gnoll's attack.
You barely miss the gnoll bouda.
The gnoll bouda is heavily wounded.
You slash the gnoll!
You kill the gnoll!
You slash the gnoll!
You kill the gnoll!
The gnoll bouda hits you with a +0 whip.
The gnoll hits you but does no damage.
The gnoll hits you from afar with a +0 spear!
You closely miss the gnoll bouda.
The gnoll bouda is heavily wounded.
The gnoll bouda hits you with a +0 whip.
The gnoll hits you but does no damage. x2
You closely miss the gnoll bouda.
The gnoll bouda is heavily wounded.
The gnoll bouda misses you. The gnoll hits you but does no damage.
The gnoll hits you from afar with a +0 spear.
The gnoll bouda closely misses you. The gnoll hits you but does no damage.
The gnoll barely misses you.
2311 ||| READING scroll of teleportation.
As you read the scroll of teleportation, it crumbles to dust.
You feel strangely unstable.
The gnoll bouda hits you with a +0 whip!
You die...

#.....#... ........
#....... ###......
.......g. ##...gg# ##.
#....g)# ##...
##....)@##....#
......?%#..#..#
.:#.#.#......#
#.#.#.#.#.¤~~~~#
#.#.#.#.#.~###~..
.....#...¤# .^
##.#.##...~###~ ##.
#..#.##...~~¤¤¤#
.##..##.#......#######


You could see a gnoll bouda and 3 gnolls.

Vanquished Creatures
  Sigmund (D:2)
  A scorpion (D:4)
  Jessica (D:2)
  6 adders
  2 gnolls (D:4)
  3 worms
  5 orcs (D:3)
  10 bats
  5 endoplasms
  7 hobgoblins
  3 quokkas
  5 ball pythons
  2 frilled lizards (D:2)
  5 goblins
  5 kobolds
  4 rats
65 creatures vanquished.

Notes
Turn   | Place    | Note
-------+----------+-------------------------------------------
     0 | D:1      | qw the Gargoyle Fighter began the quest for the Orb.
     0 | D:1      | Reached XP level 1. HP: 14/14 MP: 1/1
     0 | D:1      | 0 ||| qw: Version: 0.2-a-10-g37ed214
     0 | D:1      | 0 ||| qw: Game counter: 581
     0 | D:1      | 0 ||| qw: Always use a shield: true
     0 | D:1      | 0 ||| qw: God list: Okawaru
     0 | D:1      | 0 ||| qw: Allow faded altars: false
     0 | D:1      | 0 ||| qw: Do Orc after D:15 true
     0 | D:1      | 0 ||| qw: Do second Lair branch before Depths: true
     0 | D:1      | 0 ||| qw: Lair rune preference: random
     0 | D:1      | 0 ||| qw: Plans: Normal, Zot:1-4, God:TSO, Crypt, Tomb,
                  | Pan, Slime:5, Hells, Abyss, Orb
     0 | D:1      | 0 ||| PLANNING D:1-11
    83 | D:1      | Reached skill level 2 in Axes
   143 | D:1      | Found Xeikus's Antique Armour Shop.
   151 | D:1      | 151 ||| SHOPLISTING bloodstained scale mail (189 gold, have
                  | 0).
   151 | D:1      | 151 ||| SHOPLISTING distressingly furry ring mail (189
                  | gold, have 0).
   151 | D:1      | 151 ||| SHOPLISTING embroidered cloak (157 gold, have 0).
   151 | D:1      | 151 ||| SHOPLISTING glowing scarf (168 gold, have 0).
   151 | D:1      | 151 ||| SHOPLISTING plate armour (483 gold, have 0).
   151 | D:1      | 151 ||| SHOPLISTING shiny scale mail (147 gold, have 0).
   278 | D:1      | Found Kepipn's Weapon Boutique.
   286 | D:1      | 286 ||| SHOPLISTING +0 club (14 gold, have 0).
   286 | D:1      | 286 ||| SHOPLISTING +2 mace of draining (243 gold, have 0).
   313 | D:1      | Reached XP level 2. HP: 19/19 MP: 2/2
   391 | D:1      | Found Wuahilom's Weapon Boutique.
   396 | D:1      | 396 ||| SHOPLISTING +0 mace (36 gold, have 6).
   396 | D:1      | 396 ||| SHOPLISTING +0 whip (30 gold, have 6).
   398 | D:1      | You fall into a shaft and drop 1 floor!
   422 | D:2      | Noticed Jessica
   426 | D:2      | Killed Jessica
   427 | D:2      | Reached skill level 3 in Axes
   427 | D:2      | Reached XP level 3. HP: 23/23 MP: 3/3
   478 | D:2      | 478 ||| READING scroll labelled EXZEXK CASHI.
   479 | D:2      | 479 ||| READING scroll labelled YCOPIH GIVI.
   526 | D:1      | 526 ||| Stepping ~*~*~tactically~*~*~ (stealth).
   530 | D:1      | 530 ||| Stepping ~*~*~tactically~*~*~ (stealth).
   585 | D:1      | 585 ||| Stepping ~*~*~tactically~*~*~ (stealth).
   645 | D:1      | Found a faded altar of an unknown god.
   887 | D:1      | 887 ||| READING scroll labelled EMUPUCI YDOMUTZ.
   890 | D:1      | 890 ||| READING scroll labelled MUORIJO COHU.
   943 | D:2      | Found a basalt altar of Yredelemnul.
  1013 | D:2      | Reached XP level 4. HP: 28/28 MP: 4/4
  1017 | D:2      | Noticed Sigmund
  1030 | D:2      | Killed Sigmund
  1031 | D:2      | Reached skill level 5 in Axes
  1031 | D:2      | Reached XP level 5. HP: 32/32 MP: 5/5
  1031 | D:2      | Reached XP level 6. HP: 37/37 MP: 6/6
  1037 | D:2      | 1037 ||| DROPPING +0 club.
  1531 | D:2      | 1531 ||| READING scroll labelled YRIARISS WAAWN.
  1532 | D:2      | 1532 ||| READING scroll labelled WERORR IRCHIDYUG.
  1533 | D:2      | 1533 ||| READING scroll labelled RIOWUPS SIOHO.
  1770 | D:3      | Found a shadowy altar of Dithmenos.
  1934 | D:3      | 1934 ||| DROPPING +0 whip.
  1935 | D:3      | 1935 ||| DROPPING +0 flail.
  2227 | D:3      | 2227 ||| READING scroll labelled XATIAG NEHIH.
  2228 | D:3      | 2228 ||| DRINKING 3 bubbling orange potions.
  2270 | D:4      | Reached skill level 1 in Dodging
  2270 | D:4      | 2270 ||| Stepping ~*~*~tactically~*~*~ (stealth).
  2271 | D:4      | 2271 ||| Stepping ~*~*~tactically~*~*~ (stealth).
  2310 | D:4      | HP: 6/38 [gnoll/+0 spear[a gnoll bouda] (6)]
  2311 | D:4      | 2311 ||| READING scroll of teleportation.
  2311 | D:4      | Slain by a gnoll bouda

Levels and vault maps discovered:
D:1:      zaba_arrival_water, layout_loops_ring, ebering_ecumenical_altar_hall,
          serial_shops, nicolae_shop_crystal,
          nicolae_shop_temple_entry_statues_fountains, shop
D:2:      layout_basic, basic_altar, uniq_jessica, uniq_sigmund
D:3:      layout_rooms, nicolae_dithmenos_shadow_blocks, minmay_misc_feat_doors,
          minmay_misc_feat_pillars, chequers_serial_rivers_large_b
D:4:      layout_rooms, tgw_kikubaaqudgha, nicolae_yredelemnul_ghost_church,
          kennysheep_mini_moat, minmay_temple_entry_arrows, goddamned_bats

Skill      XL: |  1  2  3  4  5  6 |
---------------+-------------------+-----
Axes           | 2 3 5 |  5.6
Fighting       | 4 |  4.0
Dodging        | 1 |  1.7
Armour         | |  3.2
Shields        | |  3.2

Action                   |  1- 3 |  4- 6 || total
-------------------------+-------+-------++-------
Melee: War axe           |    61 |    87 ||   148
Throw: Boomerang         |       |    42 ||    42
  Use: Scroll            |     4 |     5 ||     9
       Potion            |       |     1 ||     1
Armor: Scale mail        |    35 |    53 ||    88
Dodge: Dodged            |    31 |    41 ||    72
Block: Buckler           |    15 |    16 ||    31

Table legend:
 A = Non-vault XP
 B = Vault XP
 C = Vault XP percentage of total XP
 D = Non-vault monster count
 E = Vault monster count
 F = Vault count percentage of total count
                 A         B        C        D         E       F
            +---------+---------+-------+---------+---------+-------
      Total |     296 |     263 |  47.0 |      63 |       2 |   3.1
            +---------+---------+-------+---------+---------+-------
        D:1 |      24 |       0 |   0.0 |      17 |       0 |   0.0
        D:2 |      66 |     263 |  79.9 |      22 |       2 |   8.3
        D:3 |      62 |       0 |   0.0 |      18 |       0 |   0.0
        D:4 |     144 |       0 |   0.0 |       6 |       0 |   0.0
            +---------+---------+-------+---------+---------+-------
